[Event "Late-Titled-Tuesday-Blitz-January-16-2024"]
[Site "Chess.com"]
[Date "2024.01.16"]
[Round "5"]
[White "Bigfish1995"]
[Black "vugarrasulov"]
[Result "1-0"]
[WhiteElo "3083"]
[BlackElo "2968"]
[TimeControl "180+1"]
[EndTime "14:52:07 PST"]
[Termination "Bigfish1995 won by resignation"]

1. e4 e5 2. Nf3 Nc6 3. Bb5 Nf6 4.
d3 Bc5 5. Bxc6 dxc6 6. Qe2 Qe7 7. Nbd2 O-O 8. a3 Bg4 9. h3 Bxf3 10. Nxf3 Nd7 11.
O-O Rfe8 12. Re1 a5 13. Bd2 a4 14. Bc3 Bd6 15. d4 exd4 16. Nxd4 Be5 17. Rad1 g6 18.
Qe3 Bg7 19. Qg3 Be5 20. f4 Bf6 21. Re3 Nb6 22. Nf5 Qe6 23. Nh6+ Kf8 24. f5 Qe7 25. fxg6 Bxc3 26. gxf7 Bg7 27. fxe8=Q+ Kxe8 28. Nf5 Be5 29. Qg8+ Qf8 30. Qe6+ 1-0

[Event "Late-Titled-Tuesday-Blitz-January-16-2024"]
[Site "Chess.com"]
[Date "2024.01.16"]
[Round "5"]
[White "dasatcu90"]
[Black "ural58"]
[Result "0-1"]
[WhiteElo "2272"]
[BlackElo "2458"]
[TimeControl "180+1"]
[EndTime "14:52:09 PST"]
[Termination "ural58 won by resignation"]

1. d4 d5 2. Nf3 Nc6 3. Bf4 Bg4 4.
e3 e6 5. Be2 Bd6 6. Bg5 f6 7.
Bh4 g5 8. Bg3 h5 9. Bxd6 cxd6 10. h3 Bf5 11. a3 Qb6 12. b4 Nge7 13. Nbd2 Rc8 14. Bd3 Bxd3 15. cxd3 a5 16. bxa5 Qxa5 17. O-O Kf7 18. Rb1 Rc7 19. h4 g4 20. Ne1 Qxa3 21.
f3 Rg8 22. f4 Nf5 23. Nc2 Qxd3 24. Rb3 Qa6 25. Re1 Na5 26. Ra3 Rgc8 27. Nb4 Qb5 28.
Ra4 Nc4 29. Nxc4 Rxc4 30. Qd2 Qxa4 0-1

[Event "Late-Titled-Tuesday-Blitz-January-16-2024"]
[Site "Chess.com"]
[Date "2024.01.16"]
[Round "5"]
[White "Viktor_Poddubnyi"]
[Black "vladoboch"]
[Result "1-0"]
[WhiteElo "2271"]
[BlackElo "2407"]
[TimeControl "180+1"]
[EndTime "14:52:11 PST"]
[Termination "Viktor_Poddubnyi won by resignation"]

1. e4 e5 2. f4 exf4 3. Nf3 d6 4. d4 Be7 5. Bxf4 Nf6 6. Nc3 O-O 7.
Bd3 Re8 8. O-O Bf8 9. h3 h6 10.
Qd2 Nc6 11. a3 Ne7 12. Rae1 Ng6 13. Bh2 Bd7 14. Nd1 Bc6 15. Nf2 a5 16. c3 a4 17.
Kh1 Ra5 18. c4 Bd7 19. Qxa5 b6 20. Qd2 Nh5 21. e5 dxe5 22. Bxg6 fxg6 23. Nxe5 Bf5 24. g4 Qa8+ 25. d5 c6 26. gxf5 1-0

[Event "Late-Titled-Tuesday-Blitz-January-16-2024"]
[Site "Chess.com"]
[Date "2024.01.16"]
[Round "5"]
[White "Atousa"]
[Black "NovakRatko"]
[Result "0-1"]
[WhiteElo "2460"]
[BlackElo "2316"]
[TimeControl "180+1"]
[EndTime "14:52:12 PST"]
[Termination "NovakRatko won by resignation"]

1. e4 d5 2. exd5 c6 3. dxc6 Nxc6 4. Nf3 e5 5. Nc3 Bd6 6. Bb5 Ne7 7. O-O Bg4 8. h3 Bh5 9. Ne4 O-O 10. c3 f5 11.
Ng3 Bxf3 12. Qxf3 e4 13. Qd1 Bxg3 14. Bc4+ Kh8 15. fxg3 Ne5 16. Be2 Qc7 17. d4 exd3 18. Bf3 Rad8 19. Bf4 N7g6 20. Kh1 Nxf4 21. gxf4 Nc4 22.
Rf2 Qb6 23. Qg1 d2 24. b3 Ne3 25. c4 Qd4 26. Bd1 Qxa1 27. Rf3 Qxd1 0-1

[Event "Late-Titled-Tuesday-Blitz-January-16-2024"]
[Site "Chess.com"]
[Date "2024.01.16"]
[Round "5"]
[White "szachmistrz2500"]
[Black "HajiyevKanan"]
[Result "1/2-1/2"]
[WhiteElo "2437"]
[BlackElo "2575"]
[TimeControl "180+1"]
[EndTime "14:52:13 PST"]
[Termination "Game drawn by repetition"]

1. d4 d5 2. c4 c6 3. Nf3 Nf6 4. Qc2 g6 5. Nc3 Bg7 6. Bf4 O-O 7. e3 Bf5 8. Bd3 Bxd3 9. Qxd3 Nbd7 10. O-O e6 11. h3 Re8 12. b4 dxc4 13. Qxc4 a6 14. Rfd1 Nd5 15. Bg3 Nxc3 16. Qxc3 Qe7 17. a4 Rac8 18.
Rab1 e5 19. dxe5 Nxe5 20. Nxe5 Bxe5 21. Bxe5 Qxe5 22. Qxe5 Rxe5 23. Rd7 b5 24. Ra7 bxa4 25. Rxa6 Rb5 26. Rxa4 Rcb8 27. Rc1 R8b6 28. Ra8+ Kg7 29. Rc8 Rxb4 30. g4 Rb1 31. Rxc6 Rxc6 32. Rxb1 Rc5 33. Rb6 h5 34. Kg2 hxg4 35. hxg4 g5 36. Kf3 f6 37.
Ke4 Re5+ 38. Kd4 Ra5 39. Rd6 Ra2 40. f3 Rd2+ 41. Kc5 Rc2+ 42. Kd5 Re2 43. Ke4 Kg6 44. Rd8 Re1 45. Rg8+ Kf7 46. Ra8 Rb1 47. Ra7+ Kg6 48.
Ra4 Rb3 49. f4 gxf4 50. Kxf4 Rb6 51. Ra5 Re6 52. Rb5 Rd6 53. g5 fxg5+ 54. Rxg5+ Kf6 55. Rh5 Rd1 56. Rh6+ Ke7 57. Ra6 Rb1 58. e4 Rb5 59.
Ra7+ Ke6 60. Ra6+ Ke7 61. e5 Rb1 62. Ra7+ Ke6 63. Ra6+ Ke7 64. Kf5 Rf1+ 65. Ke4 Re1+ 66. Kd5 Rd1+ 67. Ke4 Re1+ 68. Kf5 Rf1+ 69. Ke4 Re1+ 1/2-1/2

[Event "Late-Titled-Tuesday-Blitz-January-16-2024"]
[Site "Chess.com"]
[Date "2024.01.16"]
[Round "5"]
[White "SchmakAttack"]
[Black "Beca95"]
[Result "1-0"]
[WhiteElo "2733"]
[BlackElo "2944"]
[TimeControl "180+1"]
[EndTime "14:52:19 PST"]
[Termination "SchmakAttack won by resignation"]

1. d4 Nf6 2. c4 e6 3. Nf3 c5 4. d5 d6 5. Nc3 exd5 6. cxd5 g6 7.
Bf4 Bg7 8. Qa4+ Bd7 9. Qb3 O-O 10. Qxb7 Qa5 11. Nd2 Qb4 12. Qxb4 cxb4 13. Nce4 Nxd5 14. Bxd6 Rc8 15. e3 Bxb2 16. Rb1 Bc3 17. Nxc3 bxc3 18. Nb3 Bf5 19. Rc1 Nc6 20. Ba6 Ncb4 21. Bxb4 Nxb4 22.
Bxc8 Nd3+ 23. Ke2 Nxc1+ 24. Rxc1 Rxc8 25. Nd4 Be4 26. f3 Bd5 27. Kd3 Bc4+ 28. Kc2 a5 29.
a3 Rc5 30. g3 Bb5 31. Kb3 Rc7 32. Nxb5 1-0

[Event "Late-Titled-Tuesday-Blitz-January-16-2024"]
[Site "Chess.com"]
[Date "2024.01.16"]
[Round "5"]
[White "Eloist"]
[Black "waltereador"]
[Result "1-0"]
[WhiteElo "2429"]
[BlackElo "2261"]
[TimeControl "180+1"]
[EndTime "14:52:19 PST"]
[Termination "Eloist won by resignation"]

1. e4 e5 2. Bc4 Nf6 3. d3 Nc6 4. Nf3 Bc5 5. O-O d6 6. c3 a6 7. Bb3 Qe7 8. Nbd2 h6 9. Re1 Be6 10. Nf1 Bxb3 11. Qxb3 O-O-O 12. Be3 Qe6 13. Qxe6+ fxe6 14. Bxc5 dxc5 15. Rad1 Rd7 16. Ne3 Rhd8 17. Nc4 Rxd3 18. Rxd3 Rxd3 19. Ncxe5 Nxe5 20. Nxe5 Rd2 21. Nc4 Rc2 22. a4 Nxe4 23. f3 Nd6 24. Nxd6+ cxd6 25.
Rxe6 Kd7 26. Rg6 Rxb2 27. Rxg7+ Kc6 28. a5 Rc2 29. f4 Rxc3 30. f5 Re3 31. Kf2 Re8 32. Rh7 b5 33. axb6 Kxb6 34. Rxh6 Kc6 35. f6 c4 36. g4 c3 37. Rh3 Kd5 38. Rxc3 Rh8 39. Kg3 Ke5 40. g5 Kf5 41. h4 d5 42.
Rf3+ Kg6 43. Kg4 Kf7 44. h5 Rb8 45. g6+ Ke6 46. f7 Ke7 47. g7 d4 48. f8=Q+ Rxf8 49.
gxf8=Q+ Ke6 50. Rf6+ 1-0

[Event "Late-Titled-Tuesday-Blitz-January-16-2024"]
[Site "Chess.com"]
[Date "2024.01.16"]
[Round "5"]
[White "GoltsevDmitry2000"]
[Black "LevonAronian"]
[Result "0-1"]
[WhiteElo "2737"]
[BlackElo "3094"]
[TimeControl "180+1"]
[EndTime "14:52:24 PST"]
[Termination "LevonAronian won on time"]

1. e4 c5 2. Nf3 e6 3. b3 a6 4. a4 Nc6 5. Bb2 d5 6. exd5 exd5 7. Be2 d4 8. O-O Bd6 9. Bc4 Nge7 10. Ng5 Ne5 11.
Qh5 Bg4 12. Bxf7+ Kd7 13. Be6+ Bxe6 14. Nxe6 Kxe6 15. f4 N5c6 16. Na3 Kd7 17. Nc4 Kc7 18. a5 Qd7 19. Nb6 Qf5 20. Qxf5 Nxf5 21. Nxa8+ Rxa8 22. g3 Re8 23. Rfe1 Rxe1+ 24. Rxe1 Kd7 25. Kf2 Bc7 26. Kf3 Bxa5 27. Rd1 Nd6 28. c3 c4 29. b4 Bb6 30. d3 dxc3 31. Bxc3 Bd4 32. dxc4 Bxc3 33.
c5 Bxb4 34. cxd6 Bxd6 35. Ke4 a5 36. h4 a4 37. g4 a3 38. f5 a2 39. g5 Nb4 40. f6 gxf6 41. gxf6 Ke6 42. f7 Bf8 43. h5 Nc2 44. h6 a1=Q 45. Rd2 Qe5+ 46. Kf3 Nd4+ 47. Kg2 Qg5+ 48. Kf1 Qxd2 0-1

[Event "Late-Titled-Tuesday-Blitz-January-16-2024"]
[Site "Chess.com"]
[Date "2024.01.16"]
[Round "5"]
[White "MITerryble"]
[Black "JSPrepz"]
[Result "1-0"]
[WhiteElo "3038"]
[BlackElo "2887"]
[TimeControl "180+1"]
[EndTime "14:52:26 PST"]
[Termination "MITerryble won on time"]

1. d4 d5 2. Bg5 f6 3. Bc1 c5 4. dxc5 Nc6 5. e4 d4 6. a3 e5 7.
b4 a5 8. b5 Na7 9. f4 Ne7 10.
Nf3 Ng6 11. f5 Ne7 12. c3 g6 13. cxd4 gxf5 14. Bd3 fxe4 15. Bxe4 Nxb5 16. d5 a4 17. d6 Ng6 18. O-O Bg7 19. Qd3 Qa5 20. Bxg6+ hxg6 21. Qxg6+ Kf8 22. Ng5 Nxd6 23. cxd6 Qd5 24. Nc3 Qc4 25. Nce4 Qd4+ 26. Kh1 Qc4 27. Be3 Bd7 28. Rac1 Be8 29. Nh7+ Kg8 30. Nhxf6+ 1-0

[Event "Late-Titled-Tuesday-Blitz-January-16-2024"]
[Site "Chess.com"]
[Date "2024.01.16"]
[Round "5"]
[White "ozates"]
[Black "krzyzan94"]
[Result "0-1"]
[WhiteElo "2582"]
[BlackElo "2823"]
[TimeControl "180+1"]
[EndTime "14:52:26 PST"]
[Termination "krzyzan94 won by resignation"]

1. e4 e5 2. Nf3 Nc6 3. Bc4 Nf6 4. d3 h6 5. O-O d6 6. a4 g6 7. a5 a6 8. Nc3 Bg7 9. Be3 O-O 10. h3 Kh7 11. d4 Qe8 12. Nd5 Nxd5 13. exd5 exd4 14.
Nxd4 Nxd4 15. Bxd4 Bxd4 16. Qxd4 Qe5 17. Qxe5 dxe5 18.
b4 f5 19. Bb3 Kg7 20. c4 Bd7 21. Rad1 Rad8 22. c5 Bb5 23. Rfe1 e4 24. Rd4 Kf6 25. f4 g5 26. fxg5+ hxg5 27. g4 Ke5 28. Rd2 fxg4 29.
Rg2 Rf4 30. Re3 Rh8 31. Rxg4 Rxg4+ 32. hxg4 Kf4 33. Re1 e3 34. d6 cxd6 35. cxd6 Bc6 36. Rf1+ Kg3 0-1

[Event "Late-Titled-Tuesday-Blitz-January-16-2024"]
[Site "Chess.com"]
[Date "2024.01.16"]
[Round "5"]
[White "brm72"]
[Black "APOKALIPSA13"]
[Result "1-0"]
[WhiteElo "2693"]
[BlackElo "2164"]
[TimeControl "180+1"]
[EndTime "14:52:26 PST"]
[Termination "brm72 won on time"]

1. e4 e5 2. Nf3 d5 3. exd5 e4 4. Qe2 Nf6 5. d3 Qxd5 6. Nbd2 Be7 7. dxe4 Qd8 8. g3 O-O 9. Bg2 Nc6 10. c3 Re8 11.
O-O Bc5 12. Qc4 Qe7 13. h3 Be6 14. Qa4 Bd7 15. Qc4 Qd6 16. Nb3 Nxe4 17. Bf4 Qf8 18. Rae1 b5 19. Qd5 Nxf2 20. Nxc5 Nxh3+ 21. Kh2 Nxf4 22. gxf4 Rxe1 23. Rxe1 Be8 24. Ne5 Nxe5 25. Qxa8 Ng4+ 26. Kg3 Nf6 27. Ne4 Nh5+ 28. Kf2 Qe7 29. Nf6+ 1-0

[Event "Late-Titled-Tuesday-Blitz-January-16-2024"]
[Site "Chess.com"]
[Date "2024.01.16"]
[Round "5"]
[White "FabianoCaruana"]
[Black "Rikikits"]
[Result "1-0"]
[WhiteElo "3030"]
[BlackElo "2830"]
[TimeControl "180+1"]
[EndTime "14:52:27 PST"]
[Termination "FabianoCaruana won on time"]

1. Nc3 d5 2. d4 Nf6 3. Bf4 e6 4. Nb5 Bb4+ 5. c3 Ba5 6. e3 O-O 7. Nf3 c6 8. Na3 Nbd7 9. Bd3 Ne4 10. O-O f5 11. c4 Bc7 12. Bxc7 Qxc7 13. Nb1 b6 14.
Nc3 Bb7 15. Rc1 Qd6 16. Ne2 Rad8 17. a3 Kh8 18. b4 dxc4 19. Bxc4 Qe7 20. Nf4 Rf6 21.
Qe2 e5 22. dxe5 Nxe5 23. Nxe5 Qxe5 24. Rfd1 Rfd6 25. Rxd6 Rxd6 26. h3 g6 27. Bd3 c5 28.
Bxe4 Bxe4 29. bxc5 bxc5 30. Qb5 Rc6 31. Qc4 g5 32. Nh5 Bd5 33. Qb5 c4 34. Rd1 c3 35.
Rxd5 Qc7 36. Qxc6 1-0

[Event "Late-Titled-Tuesday-Blitz-January-16-2024"]
[Site "Chess.com"]
[Date "2024.01.16"]
[Round "5"]
[White "CamillaEffect"]
[Black "FrenchHarvey"]
[Result "1/2-1/2"]
[WhiteElo "2565"]
[BlackElo "2795"]
[TimeControl "180+1"]
[EndTime "14:52:28 PST"]
[Termination "Game drawn - insufficient material"]

1. e4 c5 2. Nf3 Nc6 3. d4 cxd4 4. Nxd4 e5 5. Nb5 d6 6. N1c3 a6 7. Na3 b5 8. Nd5 Nge7 9. c4 Nd4 10. Be3 Nxd5 11. cxd5 g6 12. Bxd4 exd4 13. Qxd4 Qa5+ 14. Qd2 Qxd2+ 15. Kxd2 Bg7 16. Rb1 O-O 17. Bd3 f5 18. f3 fxe4 19. Bxe4 Bf5 20. Rhe1 Bxe4 21. Rxe4 Rf5 22. Nc2 Rxd5+ 23. Ke2 Rc8 24. Ne3 Rh5 25. h3 d5 26. Re6 d4 27. Ng4 Rhc5 28. Rd1 h5 29. Nf2 Rc2+ 30. Rd2 Kf7 31. Rxa6 Bh6 32. Rxc2 Rxc2+ 33. Kf1 Rxb2 34. Ne4 Be3 35. g4 d3 36. Rd6 Rb1+ 37. Kg2 d2 38. Nxd2 Rb2 39. gxh5 gxh5 40. Kg3 Bxd2 41. Rd5 Be1+ 42. Kf4 h4 43. Kf5 Ke7 44.
Re5+ Kd6 45. Rxe1 Rxa2 46. Kg4 Rf2 47. Re3 Kc5 48. Kxh4 b4 49. Kg4 Kc4 50. Re8 b3 51. Rb8 b2 52. h4 Kc3 53. h5 Rg2+ 54. Kf5 Rh2 55. Kg5 Rg2+ 56. Kf5 Rh2 57. Kg6 Rh4 58.
Rxb2 Kxb2 59. h6 Kc3 60. h7 Kd4 61. f4 Ke4 62. Kg7 Rg4+ 63. Kf7 Rxf4+ 64. Kg7 Rg4+ 65. Kf7 Rh4 66. Kg7 Kf5 67. h8=Q Rxh8 68. Kxh8 1/2-1/2

[Event "Late-Titled-Tuesday-Blitz-January-16-2024"]
[Site "Chess.com"]
[Date "2024.01.16"]
[Round "5"]
[White "ToddBryant"]
[Black "argentum049"]
[Result "0-1"]
[WhiteElo "2305"]
[BlackElo "2492"]
[TimeControl "180+1"]
[EndTime "14:52:30 PST"]
[Termination "argentum049 won on time"]

1. e4 e6 2. d4 d5 3. e5 c5 4. c3 Qa5 5. Bd2 Nc6 6. Nf3 Qb6 7. Qb3 cxd4 8. Qxb6 axb6 9. cxd4 Nb4 10. Bxb4 Bxb4+ 11. Nc3 Bd7 12. Bd3 Ne7 13. O-O Nc6 14. Nb5 O-O 15.
a3 Be7 16. b4 f6 17. exf6 Bxf6 18. Rfe1 Rac8 19. Rad1 Ne7 20. Ne5 Bxe5 21. Rxe5 Ng6 22. Bxg6 hxg6 23. a4 Rc4 24. Rb1 Ra8 25. Na3 Rxd4 26.
Nc2 Rd2 27. Ne3 Rxa4 28. Rc1 Rxb4 29. h4 d4 30. Nc4 Ra2 31. Nd6 d3 0-1

[Event "Late-Titled-Tuesday-Blitz-January-16-2024"]
[Site "Chess.com"]
[Date "2024.01.16"]
[Round "5"]
[White "Mikhail_Golubev"]
[Black "chenxiaoyuer"]
[Result "0-1"]
[WhiteElo "2529"]
[BlackElo "2759"]
[TimeControl "180+1"]
[EndTime "14:52:31 PST"]
[Termination "chenxiaoyuer won on time"]

1. e4 c5 2. Nf3 d6 3. d4 cxd4 4. Nxd4 Nf6 5. Nc3 Nc6 6. Bc4 Bd7 7. Bb3 g6 8. Be3 Ng4 9. Nxc6 bxc6 10. Qf3 Ne5 11.
Qe2 Bg7 12. O-O-O O-O 13. h3 c5 14. f4 Nc6 15. e5 Nd4 16. Bxd4 cxd4 17. Rxd4 Qb6 18.
Rhd1 Bc6 19. Nd5 Bxd5 20. Rxd5 dxe5 21. fxe5 e6 22. R5d4 Qc5 23. Re4 a5 24. a4 Rab8 25. Kb1 Rfd8 26. Rf1 Rd7 27. Ka2 Rdb7 28. Qf2 Qc6 29. Rf4 Qd7 30. Re4 h5 31. g4 hxg4 32.
hxg4 Rc8 33. Qe2 Rc5 34. Rd1 Qe7 35. Qd3 Rb8 36. Ree1 Rxe5 37. Rxe5 Bxe5 38. Qe4 Bg7 39. c3 Qc5 40. Bc4 Qf2 41. Bb5 Bxc3 42. Rb1 Bg7 0-1

[Event "Late-Titled-Tuesday-Blitz-January-16-2024"]
[Site "Chess.com"]
[Date "2024.01.16"]
[Round "5"]
[White "momotaro77"]
[Black "RuleOfTwo"]
[Result "0-1"]
[WhiteElo "2373"]
[BlackElo "2577"]
[TimeControl "180+1"]
[EndTime "14:52:31 PST"]
[Termination "RuleOfTwo won by checkmate"]

1. e4 e6 2. d4 d5 3. e5 c5 4. c3 Nc6 5. Nf3 Nge7 6. Bd3 cxd4 7. cxd4 Nf5 8. Bxf5 exf5 9. O-O Be7 10. Nc3 Be6 11.
h4 Bxh4 12. Nxh4 Qxh4 13. Nb5 O-O 14. f4 Qd8 15. Be3 Qb6 16. Nd6 Ne7 17. b3 Nc8 18. Nxc8 Raxc8 19. Qd2 Rc6 20. Rac1 Rfc8 21. Rc5 Rxc5 22.
dxc5 Qb5 23. Rc1 Rc6 24. Qc3 Qe2 25. Rc2 Qd1+ 26. Kh2 Bd7 27. Rd2 Rh6+ 28. Kg3 Qe1+ 29. Kf3 d4 30. c6 Bxc6+ 31. Qxc6 Qxe3# 0-1

[Event "Late-Titled-Tuesday-Blitz-January-16-2024"]
[Site "Chess.com"]
[Date "2024.01.16"]
[Round "5"]
[White "annasargsyan_m"]
[Black "AEMEffi"]
[Result "0-1"]
[WhiteElo "2563"]
[BlackElo "2353"]
[TimeControl "180+1"]
[EndTime "14:52:31 PST"]
[Termination "AEMEffi won by resignation"]

1. d4 Nf6 2. c4 g6 3. g3 c6 4. Bg2 d5 5. Nc3 Bg7 6. Nf3 O-O 7. cxd5 cxd5 8. Ne5 e6 9. O-O Nfd7 10. Nf3 Nc6 11.
Bf4 a6 12. Rc1 Nb6 13. b3 Bd7 14. h4 Re8 15. h5 Rc8 16. h6 Bf8 17. Qd2 Ba3 18. Rcd1 f6 19. Qe3 Ne7 20. g4 Bb4 21. Nb1 Nf5 22. gxf5 exf5 23. Ne5 fxe5 24. Bxe5 Bd6 25. f4 Bf8 26. Nc3 Bc6 27. Qh3 Qd7 28. Rd3 Qf7 29. Rg3 Nd7 30. Nd1 Nf6 31. Ne3 Ne4 32.
Bxe4 dxe4 33. Nxf5 Bd7 34. Rg5 Bxf5 35. Qh4 Be7 36.
Kg2 Bxg5 37. fxg5 Rc2 38. Rf2 e3 39. Rf3 Rxe2+ 40. Kf1 Rf2+ 41. Rxf2 exf2 42. Kxf2 Be4+ 43. Ke1 Qf3 44. Qh2 Bd3 45. Kd2 Bf5 46. Ke1 Rc8 47.
Qd2 Rc2 0-1

[Event "Late-Titled-Tuesday-Blitz-January-16-2024"]
[Site "Chess.com"]
[Date "2024.01.16"]
[Round "5"]
[White "Rodalquilar"]
[Black "Sjakkerntobi"]
[Result "1-0"]
[WhiteElo "2734"]
[BlackElo "2524"]
[TimeControl "180+1"]
[EndTime "14:52:35 PST"]
[Termination "Rodalquilar won by resignation"]

1. d4 Nf6 2. Nf3 e6 3. Bf4 c5 4. e3 d5 5. Nbd2 Nc6 6. c3 Bd6 7. Bg3 O-O 8. Bb5 Ne7 9. Bd3 b6 10. e4 dxe4 11. Nxe4 Nxe4 12. Bxe4 Nd5 13. dxc5 Bxc5 14.
O-O Bb7 15. Re1 Be7 16. c4 f5 17. Bb1 Nb4 18. Qe2 f4 19. Qxe6+ Kh8 20. Qh3 Nd3 21. Rxe7 fxg3 22. Bxd3 Qxd3 23. Qxg3 1-0

[Event "Late-Titled-Tuesday-Blitz-January-16-2024"]
[Site "Chess.com"]
[Date "2024.01.16"]
[Round "5"]
[White "GiorgianBarbosa"]
[Black "aghasiyevkamal"]
[Result "0-1"]
[WhiteElo "2476"]
[BlackElo "2623"]
[TimeControl "180+1"]
[EndTime "14:52:35 PST"]
[Termination "aghasiyevkamal won on time"]

1. c4 e5 2. g3 Nf6 3. Bg2 d5 4. cxd5 Nxd5 5. Nf3 Nc6 6. d4 Bb4+ 7. Bd2 exd4 8.
Bxb4 Ndxb4 9. a3 Na6 10. b4 Qd5 11. O-O O-O 12. Nc3 Qc4 13. Ne4 Bf5 14. Nfd2 Qb5 15. Rc1 d3 16. exd3 Qxd3 17. Rc3 Qb5 18. Qh5 Nd4 19. Re1 Bxe4 20. Qxb5 Nxb5 21. Nxe4 Nxc3 22. Nxc3 c6 23. b5 Nc5 24. bxc6 Rae8 25. Rxe8 Rxe8 26. cxb7 Re1+ 27. Bf1 Nxb7 28. Nb5 a5 29. Kg2 Ra1 30. h4 g6 31. Kg1 Nd6 32. Kg2 Nxb5 33. Bxb5 Rxa3 0-1

[Event "Late-Titled-Tuesday-Blitz-January-16-2024"]
[Site "Chess.com"]
[Date "2024.01.16"]
[Round "5"]
[White "cthulhuuu"]
[Black "chessisveryfun1264"]
[Result "0-1"]
[WhiteElo "2435"]
[BlackElo "2587"]
[TimeControl "180+1"]
[EndTime "14:52:36 PST"]
[Termination "chessisveryfun1264 won by checkmate"]

1. e4 e6 2. d3 d5 3. Nd2 Ne7 4.
g3 c5 5. Bg2 Nbc6 6. Ngf3 g6 7.
O-O Bg7 8. Re1 O-O 9. e5 b5 10. h4 h5 11. Nf1 a5 12. Bf4 b4 13. Qd2 a4 14. Bh6 a3 15. b3 Ba6 16. Bh3 c4 17. d4 Nf5 18. Bxf5 exf5 19. e6 fxe6 20. Rxe6 Rf6 21.
Bg5 Rxe6 22. Bxd8 Rxd8 23. Re1 Re4 24. Ng5 Nxd4 25. Kg2 c3 26. Qd1 Re2 27. Rxe2 Bxe2 28. Qc1 Re8 29. Ne3 Bb5 30. f3 Bc6 31. Kf2 Ne6 32. Qd1 d4 33. Nc4 Nc5 34. Kg2 d3 35.
cxd3 Bd4 36. Qf1 c2 37. Qc1 Nxd3 38. Qd2 c1=Q 39. Qxd3 Qg1+ 40. Kh3 Qh1# 0-1

[Event "Late-Titled-Tuesday-Blitz-January-16-2024"]
[Site "Chess.com"]
[Date "2024.01.16"]
[Round "5"]
[White "protectiago"]
[Black "KVAIDAN"]
[Result "0-1"]
[WhiteElo "2044"]
[BlackElo "2367"]
[TimeControl "180+1"]
[EndTime "14:52:36 PST"]
[Termination "KVAIDAN won on time"]

1. d4 e6 2. c4 f5 3. g3 Nf6 4.
Bg2 Be7 5. Nf3 O-O 6. O-O d6 7. b3 a5 8. Bb2 Ne4 9. Nfd2 d5 10. f3 Nxd2 11. Nxd2 c5 12. e3 Nc6 13. Kh1 Bf6 14. Rc1 cxd4 15. e4 dxe4 16. fxe4 e5 17. exf5 Nb4 18.
Ne4 Nxa2 19. Rc2 Nb4 20. Rcf2 a4 21. bxa4 Bd7 22. Nc5 Bc6 23. Ne6 Qb6 24. Nxf8 Rxf8 25. Ba3 e4 26. Rb2 Be7 27. a5 Qxa5 28. Bxb4 Bxb4 29.
Qxd4 Bc3 30. Qb6 Qe5 31. Re2 Rxf5 32. Rxf5 Qxf5 33. Qf2 Qxf2 34. Rxf2 e3 35. Rc2 Bxg2+ 36. Kxg2 Bd4 37. Kf3 Kf7 38. Ke4 Bc5 39. Kd5 b6 40.
Ra2 Kf6 41. h3 Kf5 42. Ra8 h5 43. Re8 h4 44. g4+ Kf4 45. Rh8 e2 46. Re8 Be3 47.
Rf8+ Kg3 0-1

[Event "Late-Titled-Tuesday-Blitz-January-16-2024"]
[Site "Chess.com"]
[Date "2024.01.16"]
[Round "5"]
[White "Bauman_Guy"]
[Black "jk13"]
[Result "1-0"]
[WhiteElo "2909"]
[BlackElo "2687"]
[TimeControl "180+1"]
[EndTime "14:52:37 PST"]
[Termination "Bauman_Guy won by resignation"]

1. e4 e5 2. Nf3 Nc6 3. Bb5 a6 4. Ba4 Nf6 5. O-O b5 6. Bb3 Bc5 7. d3 d6 8. a4 Rb8 9. axb5 axb5 10.
Nc3 h6 11. Be3 O-O 12. Nd5 Nxd5 13. Bxd5 Bxe3 14. fxe3 Ne7 15. Bb3 Ng6 16. Qe1 Kh7 17. Qg3 f5 18. exf5 Bxf5 19. Rf2 Qe7 20. h4 Be6 21. h5 Nh8 22. Bxe6 Qxe6 23. Raf1 Rf6 24. d4 Re8 25. dxe5 dxe5 26. Nh4 Ref8 27. Ng6 Nxg6 28.
hxg6+ Kg8 29. Rxf6 Rxf6 30. Rxf6 gxf6 31. e4 Kg7 32. b3 Qb6+ 33. Kh2 Qd4 34. Qg4 Qd6 35. Kh3 Qd2 36. Qe6 Qe3+ 37. g3 h5 38. Qf7+ Kh6 39.
Qh7+ Kg5 40. g7 1-0

[Event "Late-Titled-Tuesday-Blitz-January-16-2024"]
[Site "Chess.com"]
[Date "2024.01.16"]
[Round "5"]
[White "milenapn"]
[Black "olawsson"]
[Result "0-1"]
[WhiteElo "2004"]
[BlackElo "2158"]
[TimeControl "180+1"]
[EndTime "14:52:38 PST"]
[Termination "olawsson won by resignation"]

1. e4 c5 2. Nf3 a6 3. c4 Nc6 4. Nc3 e5 5. Be2 g6 6. O-O Bg7 7. d3 d6 8. Be3 Nge7 9. a3 f5 10. Nd5 Nxd5 11. exd5 Ne7 12. b4 b6 13.
Ng5 O-O 14. f4 h5 15. Bxh5 exf4 16. Bxf4 Bxa1 17. Bxg6 Bd4+ 18. Kh1 Nxg6 19. Qh5 Rf7 20. Nxf7 Kxf7 21. Qh7+ Bg7 22. g4 Qh4 23. Qxh4 Nxh4 24.
Bxd6 Bd7 25. gxf5 Bd4 0-1

[Event "Late-Titled-Tuesday-Blitz-January-16-2024"]
[Site "Chess.com"]
[Date "2024.01.16"]
[Round "5"]
[White "GMAkobianSTL"]
[Black "K_A_S_T_O_R"]
[Result "1/2-1/2"]
[WhiteElo "2708"]
[BlackElo "2915"]
[TimeControl "180+1"]
[EndTime "14:52:39 PST"]
[Termination "Game drawn by repetition"]

1. d4 Nf6 2. c4 e6 3. Nf3 c5 4. d5 d6 5. Nc3 exd5 6. cxd5 g6 7. Bf4 Bg7 8. Qa4+ Bd7 9. Qb3 O-O 10. e3 Qc7 11. h3 Na6 12. Nd2 Ne8 13. Bb5 Nb4 14.
O-O Bxc3 15. bxc3 Bxb5 16. Rfc1 Nd3 17. Qxb5 Nxf4 18. exf4 Nf6 19. Qd3 Rfe8 20. c4 a6 21. Qc3 Ne4 22. Nxe4 Rxe4 23. f5 Rae8 24. a4 Qe7 25. f6 Qd7 26. Re1 Qd8 27. Rxe4 Rxe4 28. Rb1 Re5 29. f4 Rf5 30. g3 b6 31. h4 h5 32. Kf2 Rxf6 33. Qb2 Qe7 34. Re1 Qd8 35. Rb1 Qe7 36. Re1 Qd8 37. Rb1 1/2-1/2

[Event "Late-Titled-Tuesday-Blitz-January-16-2024"]
[Site "Chess.com"]
[Date "2024.01.16"]
[Round "5"]
[White "Sargsyan_Shant"]
[Black "IgorBjelobrk"]
[Result "1-0"]
[WhiteElo "2875"]
[BlackElo "2651"]
[TimeControl "180+1"]
[EndTime "14:52:41 PST"]
[Termination "Sargsyan_Shant won by checkmate"]

1. c4 b6 2. d4 Bb7 3. Nc3 e6 4. a3 f5 5. Nf3 Nf6 6. d5 Na6 7. Nd4 Nc5 8. b4 Nce4 9. Nxe4 Nxe4 10. Bb2 a5 11. bxa5 Rxa5 12. e3 Bd6 13. Bd3 O-O 14. Bxe4 fxe4 15. Qg4 Qf6 16. O-O exd5 17. Rab1 dxc4 18.
Ne6 Qh6 19. Nf4 Rg5 20. Qxd7 Bc8 21. Qc6 Bh3 22. Qxc4+ Kh8 23. g3 Bxf1 24. Rxf1 Bxf4 25. exf4 Rh5 26. h4 Qg6 27. Re1 Rxh4 28. Qxe4 Qg4 29. Qe7 Rh6 30. Qxf8# 1-0

[Event "Late-Titled-Tuesday-Blitz-January-16-2024"]
[Site "Chess.com"]
[Date "2024.01.16"]
[Round "5"]
[White "Sic_Transit_GM"]
[Black "texie1"]
[Result "0-1"]
[WhiteElo "2664"]
[BlackElo "2523"]
[TimeControl "180+1"]
[EndTime "14:52:44 PST"]
[Termination "texie1 won by resignation"]

1. g3 d5 2. Bg2 c5 3. Nf3 Nf6 4. O-O Nc6 5. d3 g6 6. Nc3 Bg7 7. e4 e5 8. Bg5 d4 9. Nd5 h6 10. Bxf6 Bxf6 11. c4 Bg7 12. Nd2 O-O 13. f4 exf4 14.
gxf4 f5 15. Kh1 Be6 16. Rg1 Qd7 17. Qf3 Kh7 18. Qg3 Ne7 19. Nf3 Bxd5 20. cxd5 Rae8 21. Raf1 c4 22. Ne5 Bxe5 23. fxe5 c3 24. bxc3 dxc3 25. d4 c2 26. e6 Qa4 27. d6 Qxd4 28. dxe7 Rxe7 29.
exf5 gxf5 30. Bxb7 Qf6 31. Be4 c1=Q 32. Rxc1 fxe4 33.
Rcf1 Qxf1 34. Qg6+ Kh8 35. Rxf1 Rxf1+ 36. Kg2 Rg7 37.
Qxg7+ Kxg7 38. Kxf1 Kf6 39. Ke2 Kxe6 40. Ke3 Ke5 41.
h4 h5 42. a4 a5 43. Ke2 Kf4 44. Kf2 Kg4 45. Ke3 Kxh4 46. Kxe4 Kg3 47. Kd5 h4 48. Kc5 h3 49. Kb5 h2 50. Kxa5 h1=Q 51. Kb6 Qa8 52. a5 Kf4 53. a6 Ke4 54. a7 Kd5 0-1